 Dungeon Crawl Stone Soup version 0.17-a0-1533-g2f57bce (webtiles) character file.

28 sscrono2 the Sneak (level 3, -1/24 HPs)
             Began as an Octopode Assassin on July 16, 2015.
             Slain by a hobgoblin (5 damage)
             ... led by Robin
             ... on level 2 of the Dungeon.
             The game lasted 00:01:04 (693 turns).

sscrono2 the Sneak (Octopode Assassin)               Turns: 693, Time: 00:01:04

Health: -1/24      AC:  1    Str: 10    XL:     3   Next: 12%
Magic:  3/3        EV: 12    Int: 13    God:
Gold:   64         SH:  0    Dex: 14    Spells: 0 memorised, 3 levels left

rFire  . . .     SeeInvis .     a - +2 dagger
rCold  . . .     Clarity  .     (no shield)
rNeg   . . .     SustAt   .     (helmet restricted)
rPois  .         Gourm    .     (no amulet)
rElec  .         Spirit   .     (no ring)
rCorr  .         Warding  .     (no ring)
rMut   .         Stasis   .     (no ring)
MR     .....                    (no ring)
Stlth  +++++.....               (no ring)
                                (no ring)
                                (no ring)
                                (no ring)

@: not resistant to hostile enchantments, quite stealthy
A: almost no armour, amphibious, 8 rings, constrict 8, camouflage 1, gelatinous
body 1
a: no special abilities


You were on level 2 of the Dungeon.
You were not hungry.

You visited 1 branch of the dungeon, and saw 2 of its levels.

You collected 64 gold pieces.

Inventory:

Hand weapons
 a - a +2 dagger (weapon)
 b - a +0 blowgun
Missiles
 c - 8 poisoned needles
 d - 2 curare-tipped needles
Jewellery
 l - an uncursed amulet of rage {unknown}
Scrolls
 g - a scroll of fog {unknown}
 h - a scroll of identify {unknown}
 i - a scroll of enchant armour {unknown}
 k - a scroll of teleportation {unknown}
Potions
 f - 2 potions of curing {unknown}
 j - a potion of lignification {unknown}
Comestibles
 e - a bread ration


   Skills:
 + Level 2.2 Fighting
 * Level 2.2 Short Blades
 * Level 2.2 Throwing
 + Level 1.0 Dodging
 + Level 6.0 Stealth
 * Level 0.5 Spellcasting


You had 3 spell levels left.
You didn't know any spells.

Dungeon Overview and Level Annotations

Branches:
Dungeon (2/15)

Altars:


Innate Abilities, Weirdness & Mutations

You cannot wear most types of armour.
You are amphibious.
You can wear up to eight rings at the same time.
You can use your tentacles to constrict eight enemies at once.
Your skin changes colour to match your surroundings (Stealth).
Your rubbery body absorbs attacks (AC +1).


Message History

Robin is heavily wounded.
You constrict Robin. Robin closely misses you.
You hit Robin but do no damage. You squeeze Robin.
You kill Robin!
Your Stealth skill increases to level 6!
You have reached level 3!
Your experience leads to an increase in your attributes!
Increase (S)trength, (I)ntelligence, or (D)exterity?
You feel agile.
Items here: )) [[ †† You start resting.
The hobgoblin hits you.
You barely miss the hobgoblin. You grab the hobgoblin.
You constrict the hobgoblin, but do no damage.
The hobgoblin hits you.
* * * LOW HITPOINT WARNING * * *
You hit the hobgoblin.
The hobgoblin is heavily wounded.
You constrict the hobgoblin. The hobgoblin hits you.
You die...

..##.## #..##.#
#.##.######..##.#
..........#..##.#
##.##.###.#..##.#
##..#.# .....#.######.#
....#.#####...#........#
..............#.########
.....######.#.#)##.)..#
####..# #.#...@g.#.##
##.# #.######.#)# # #.#
#.# #.#.# #####.# #.#
###g# ...##.## #.# #.#
#.##...# #.# #.#
#.##.#.####.# #.#
.....#..<...# #..
####.#..##..#


You could see a hobgoblin.

Vanquished Creatures
  Robin (D:2)
  A bat (D:2)
  A giant cockroach (D:2)
  5 goblins
  4 hobgoblins
  A quokka (D:2)
  A giant newt (D:1)
  A kobold (D:1)
15 creatures vanquished.

Notes
Turn   | Place    | Note
--------------------------------------------------------------
     0 | D:1      | sscrono2 the Octopode Assassin began the quest for the Orb.
     0 | D:1      | Reached XP level 1. HP: 14/14 MP: 1/1
   506 | D:1      | Reached XP level 2. HP: 19/19 MP: 2/2
   665 | D:2      | Noticed Robin
   683 | D:2      | Killed Robin
   683 | D:2      | Reached skill level 6 in Stealth
   683 | D:2      | Reached XP level 3. HP: 12/24 MP: 3/3
   693 | D:2      | Slain by a hobgoblin

Vault maps used:
D:1:      eino_arrival_tree_alley, grunt_decor_cap
D:2:      lemuel_upstairs_altar, lemuel_round_altar,
          nicolae_overflow_crystal_walls, uniq_robin

Action                   || total
-------------------------++-------
Melee: Dagger            ||    29
 Stab: Sleeping          ||     5
